 Dungeon Crawl Stone Soup version 0.21.1-1-g345015f (webtiles) character file.

158 Solrac the Poker (level 5, -1/53 HPs)
             Began as a Troll Fighter on Feb 18, 2018.
             Slain by an ogre
             ... wielding a +0 giant club
              (32 damage)
             ... on level 3 of the Dungeon.
             The game lasted 00:18:06 (2401 turns).

Solrac the Poker (Troll Fighter)                    Turns: 2401, Time: 00:18:06

Health: -1/53      AC:  5    Str: 25    XL:     5   Next: 16%
Magic:  4/4        EV: 10    Int:  4    God:
Gold:   75         SH:  9    Dex: 11    Spells: 4/4 levels left

rFire    . . .     SeeInvis .   a - +0 trident
rCold    . . .     Gourm    +   c - +0 shield
rNeg     . . .     Faith    .   b - +0 robe
rPois    .         Spirit   .   (helmet restricted)
rElec    .         Reflect  .   (no cloak)
rCorr    .         Harm     .   (gloves unavailable)
MR       .....                  (boots unavailable)
Stlth    +.........             (no amulet)
HPRegen  0.57/turn              (no ring)
MPRegen  0.09/turn              (no ring)

@: no status effects
A: large, unfitting armour, claws 3, repulsion field 1, agile 1, fast metabolism
3, gourmand, regeneration 1, shaggy fur 1, tough skin 2
a: no special abilities


You were on level 3 of the Dungeon.
You were very full.

You visited 1 branch of the dungeon, and saw 3 of its levels.

You collected 75 gold pieces.

Inventory:

Hand Weapons
 a - a +0 trident (weapon)
Missiles
 e - 118 stones (quivered)
Armour
 b - a +0 robe (worn)
 c - a +0 shield (worn)
 g - a +0 robe
 k - a +0 robe
 l - a cursed +0 leather armour
Jewellery
 m - an uncursed ring of protection from fire {unknown}
Scrolls
 h - 3 scrolls of teleportation
 i - a scroll of fog
 n - a scroll of identify
Potions
 d - 2 potions of might
Comestibles
 f - 3 rations
 j - 4 chunks of flesh


   Skills:
 + Level 3.0 Fighting
 + Level 3.2 Polearms
 + Level 2.9 Dodging
 + Level 0.2 Stealth
 + Level 2.9 Shields


You had 4 spell levels left.
You didn't know any spells.

Dungeon Overview and Level Annotations

Branches:
Dungeon (3/15)

Altars:


Innate Abilities, Weirdness & Mutations

You are too large for most types of armour.
You have claws for hands.
Your metabolism is lightning-fast.
You like to eat raw meat.
Your natural rate of healing is unusually fast.
You are covered in fur. (AC +1)
You have very tough skin. (AC +2)
You are surrounded by a mild repulsion field. (EV +2)
You are agile. (Dex +2)


Message History

You hit the ogre but do no damage.
The ogre is moderately wounded.
You block the ogre's attack.
You puncture the ogre!
The ogre is heavily wounded.
You block the ogre's attack.
You hit the ogre.
The ogre is severely wounded.
The ogre hits you with a giant club.
You hit the ogre.
The ogre is severely wounded.
The ogre hits you with a giant club.
Your shield prevents you from hitting the ogre.
The ogre is severely wounded.
The ogre barely misses you.
You puncture the ogre!
The ogre is almost dead.
The ogre hits you with a giant club!!
Ouch! That really hurt!
You die...

######.................
#......................
#.............##.#.....
#. #.............#
....... ###.
##............######+#.
#... #............##..
#... #............##.#
#... #............##.#
#... #...#####....##@#
#... #...#...#....##O#
#.. ##...#.%g#....##g#
#.. .....#.g.#...g##g##
####÷.
....)##)##..g..ggg#
+.....
.....÷....g.g...g.#
####..
..................# #..
..................+ #..
..................# #..


You could see an ogre and 6 goblins.

Vanquished Creatures
  The ghost of p0werm0de the Skirmisher, a weakling DsHu of Cheibriados (D:3)
  2 adders (D:3)
  2 worms (D:2)
  2 dart slugs (D:1)
  A leopard gecko (D:2)
  3 orcs (D:3)
  7 giant cockroaches
  13 hobgoblins
  5 jackals (D:3)
  5 kobolds
  2 quokkas (D:3)
  4 bats
  4 frilled lizards (D:1)
  12 goblins
  17 rats
80 creatures vanquished.

Notes
Turn   | Place    | Note
-------+----------+-------------------------------------------
     0 | D:1      | Solrac the Troll Fighter began the quest for the Orb.
     0 | D:1      | Reached XP level 1. HP: 22/22 MP: 0/0
    22 | D:1      | Reached XP level 2. HP: 29/29 MP: 1/1
   679 | D:1      | Reached XP level 3. HP: 36/36 MP: 2/2
   913 | D:1      | Gained mutation: You are agile. (Dex +2) [potion of mutation]
   913 | D:1      | Gained mutation: You are surrounded by a mild repulsion field. (EV +2) [potion of mutation]
  1955 | D:3      | Noticed p0werm0de's ghost (weakling DsHu)
  1969 | D:3      | Killed p0werm0de's ghost
  1969 | D:3      | Reached XP level 4. HP: 34/44 MP: 3/3
  2193 | D:3      | Reached XP level 5. HP: 49/52 MP: 4/4
  2378 | D:3      | Noticed an ogre
  2401 | D:3      | Slain by an ogre

Skill      XL: |  1  2  3  4  5 |
---------------+----------------+-----
Polearms       | 2 3 |  3.2
Fighting       | 3 |  3.0
Dodging        | |  2.9
Stealth        | |  0.2
Shields        | |  2.9

Action                   |  1- 3 |  4- 6 || total
-------------------------+-------+-------++-------
Melee: Trident           |   159 |   109 ||   268
  Use: Potion            |     4 |     1 ||     5
       Scroll            |     3 |     1 ||     4
 Stab: Sleeping          |     1 |       ||     1
  Eat: Chunk             |    22 |     6 ||    28
Armor: Robe              |    20 |    22 ||    42
Dodge: Dodged            |    41 |    40 ||    81
Block: Shield            |    38 |    39 ||    77
